cohdb
Replays
Latest Replays
All Replays
Popular Replays
Top Player Replays
Match Explorer
How It Works
Community
CoH3 Stats
Reddit
Sign in to upload your games and track your stats! →
Sign in with Steam
Match 45477148
Unlisted
Match 45477148
Overview
Messages
Build Orders
End
Scout Squad
Construct Barracks
Riflemen Squad
Engineer Squad
Riflemen Squad
Riflemen Squad
Construct Medical Station
Infantry Support Center
Construct Motor Pool
李小凡
DirtyDan
sheenhochul
Yeknod
0
0
Comments
sign in to comment!
No comments posted yet!